 Dungeon Crawl Stone Soup version 0.27-a0-522-g46bbb28828 (webtiles) character file.

Game seed: 4512422790965603384

2410 Anon1729 the Cleaver (level 9, -1/75 HPs)
             Began as a Ghoul Fighter on Mar 5, 2021.
             Was an Initiate of Makhleb.
             Killed from afar by Harold (11 damage)
             ... with a bolt of acid
             ... on level 8 of the Dungeon on Mar 6, 2021.
             The game lasted 00:11:26 (7547 turns).

Anon1729 the Cleaver (Ghoul Fighter)                Turns: 7547, Time: 00:11:26

Health: -1/75      AC:  6    Str: 21 (22) XL:     9   Next: 47%
Magic:  8/8        EV:  4    Int:  4      God:    Makhleb [......]
Gold:   207        SH:  9    Dex:  8      Spells: 8/8 levels left

rFire    + . .     SeeInvis .   a - +0 war axe
rCold    + . .     Faith    .   c - +0 kite shield
rNeg     + + +     Spirit   .   D - +0 plate armour
rPois    ∞         Reflect  .   (no helmet)
rElec    .         Harm     .   (no cloak)
rCorr    .         Rampage  .   w - +0 pair of gloves
Will     .....                  o - +0 pair of boots
Stlth    ..........             (no amulet)
HPRegen  0.00/turn              b - ring of protection from fire
MPRegen  0.11/turn              k - +4 ring of protection

@: about to teleport, marked, corroded, studying Stealth
A: claws 1, cold resistance 1, negative energy resistance 3, inhibited
regeneration, torment resistance, unbreathing 1
a: Renounce Religion


You were on level 8 of the Dungeon.
You worshipped Makhleb.
Makhleb was noncommittal.
You visited 2 branches of the dungeon, and saw 9 of its levels.

You collected 402 gold pieces.
You spent 195 gold pieces at shops.

Inventory:

Hand Weapons
 a - a +0 war axe (weapon)
 i - a +1 vampiric short sword
Missiles
 s - a throwing net (quivered)
Armour
 c - a +0 kite shield (worn)
 o - a +0 pair of boots (worn)
 w - a +0 pair of gloves (worn)
 D - a +0 plate armour (worn)
Jewellery
 b - a ring of protection from fire (left hand)
 k - a +4 ring of protection (right hand)
Scrolls
 h - 3 scrolls of enchant armour
 j - 5 scrolls of enchant weapon
 m - a scroll of fear
 p - 2 scrolls of blinking
 q - 2 scrolls of magic mapping
 r - a scroll of amnesia
 t - a scroll of magic mapping
 u - 4 scrolls of teleportation
 x - 3 scrolls of identify
 y - a scroll of enchant armour
 z - a scroll of immolation
 C - a scroll of noise {unknown}
 E - 2 scrolls of fog {unknown}
Potions
 d - a potion of curing
 e - a potion of heal wounds
 f - 2 potions of brilliance
 l - a potion of flight
 n - a potion of ambrosia {unknown}
 A - 2 potions of lignification {unknown}
 B - a potion of degeneration {unknown}


   Skills:
 + Level 5.6 Fighting
 + Level 12.5 Axes
 + Level 4.7 Armour
 + Level 4.7 Shields


You had 8 spell levels left.
You didn't know any spells.
Your spell library contained the following spells:

 Spells                   Type           Power        Failure   Level
 Foxfire                  Conj/Fire      0%           100%        1
 Conjure Flame            Conj/Fire      0%           100%        3
 Inner Flame              Hex/Fire       0%           100%        3
 Sticky Flame             Conj/Fire      0%           100%        4
 Fireball                 Conj/Fire      0%           100%        5


Dungeon Overview and Level Annotations

Branches:
Dungeon (8/15)             Temple (1/1) D:6
   Lair: D:8-11

Altars:
Ashenzari
Cheibriados
Dithmenos
Elyvilon
Fedhas
Gozag
Hepliaklqana
Kikubaaqudgha
Makhleb
Nemelex Xobeh
Okawaru
Qazlal
Ru
Sif Muna
Trog
Uskayaw
Vehumet
Wu Jian
Xom
Yredelemnul
Zin
The Shining One

Shops:
D:5 ?   D:7 *

Annotations:
D:8 Harold


Innate Abilities, Weirdness & Mutations

You thrive by killing the living.
You are immune to poison.
You have sharp fingernails.
Your flesh is cold resistant. (rC+)
You are immune to negative energy. (rN+++)
You do not regenerate when monsters are visible.
You are immune to unholy pain and torment.
You can survive without breathing.


Message History

You become entangled in the net!
Aiming: Corrosive Bolt
Press: ? - help, Shift-Dir - straight line, f/p - Harold
Aim: Harold, wielding a +0 short sword, wearing a +0 scale mail, quivering 4 throwing nets and carrying a wand of acid (13) (lightly wounded, covered in acid, 17% to evade)
The bolt of acid hits Harold!
Harold is splashed with acid!
Harold seems to be corroded for longer.
Harold is heavily wounded.
The now-empty wand crumbles to dust.
Harold casts a spell at you. A sentinel's mark forms upon you.
Unknown command.
You struggle against the net.
Harold points at you and mumbles some strange words.
The mark upon you grows brighter.
You struggle against the net.
Harold zaps a wand.
The bolt of acid hits you but does no damage.
The acid corrodes you!
You are splashed with acid!
You shred the net and break free!
Harold says, "I was hoping my final job would be more of a challenge, but money is money."
Harold throws a throwing net.
The throwing net hits you.
You become entangled in the net!
You struggle against the net.
You tear a large gash into the net.
You struggle against the net.
Harold hits you but does no damage.
You rip the net and break free!
Harold barely misses you.
You barely miss Harold.
Harold is moderately wounded.
Harold hits you with a +0 short sword.
You barely miss Harold.
Harold is moderately wounded.
Harold zaps a wand.
The bolt of acid hits you! The acid corrodes you!
You are splashed with acid!
As you read the scroll of teleportation, it crumbles to dust.
You feel strangely unstable. Harold hits you but does no damage.
Harold zaps a wand.
The bolt of acid hits you!!
* * * LOW HITPOINT WARNING * * *
The acid corrodes you!
You are splashed with acid!
* * * LOW HITPOINT WARNING * * *
Harold zaps a wand.
The bolt of acid hits you!
You die...

##.## #...# #...#
#...# ##
#####...#####.##
#..............##
.........@......#
#...........@..##
#####...#####.##
#)..# .# #...# .#
#...### .#
##....# .. ####.#
## # #.# #### #


You could see Harold (corroded).

Vanquished Creatures
  Eustachio (D:6)
  Edmund (D:5)
  A water moccasin (D:5)
  An orc warrior (D:7)
  3 ogres
  3 centaurs
  2 phantoms (D:7)
  A bullfrog (D:6)
  3 scorpions
  A howler monkey (D:4)
  2 hounds
  An orc priest (D:5)
  2 jellies (D:5)
  A centaur skeleton (D:5)
  An iguana (D:7)
  3 orc wizards
  2 worker ants (D:6)
  A killer bee zombie (D:5)
  A hound zombie (D:7)
  A worker ant zombie (D:6)
  6 adders
  2 shadow imps (D:6)
  2 white imps
  2 ufetubi
  An ooze (D:1)
  An adder skeleton (D:7)
  An adder zombie (D:5)
  4 worms
  3 dart slugs
  3 leopard geckos
  12 orcs
  A ball python (D:3)
  7 giant cockroaches
  16 hobgoblins
  4 jackals (D:2)
  3 quokkas
  10 bats
  8 frilled lizards
  8 goblins
  10 kobolds
  A quokka zombie (D:6)
  9 rats
146 creatures vanquished.

Notes
Turn   | Place    | Note
-------+----------+-------------------------------------------
     0 | D:1      | Anon1729 the Ghoul Fighter began the quest for the Orb.
     0 | D:1      | Reached XP level 1. HP: 19/19 MP: 0/0
    72 | D:1      | Reached skill level 2 in Axes
    72 | D:1      | Reached XP level 2. HP: 26/26 MP: 1/1
   401 | D:1      | Reached XP level 3. HP: 31/31 MP: 2/2
   501 | D:1      | Found a broken altar of Ashenzari.
   828 | D:2      | Found a shimmering altar of Xom.
   836 | D:2      | Reached XP level 4. HP: 40/40 MP: 3/3
  1237 | D:2      | Found a snail-covered altar of Cheibriados.
  1311 | D:2      | Found a faded altar of an unknown god.
  1472 | D:3      | Reached skill level 3 in Axes
  1689 | D:3      | Reached XP level 5. HP: 36/46 MP: 4/4
  1926 | D:3      | Found a shadowy altar of Dithmenos.
  2199 | D:3      | Reached XP level 6. HP: 52/52 MP: 5/5
  2374 | D:3      | Found an iron altar of Okawaru.
  2953 | D:4      | Reached skill level 4 in Axes
  2979 | D:5      | Entered Level 5 of the Dungeon
  3006 | D:5      | Noticed a water moccasin
  3016 | D:5      | Killed a water moccasin
  3017 | D:5      | Reached XP level 7. HP: 46/60 MP: 6/6
  3082 | D:5      | Reached skill level 12 in Axes
  3082 | D:5      | Reached XP level 8. HP: 13/67 MP: 7/7
  3608 | D:5      | Reached skill level 5 in Fighting
  3777 | D:5      | Noticed Edmund
  4028 | D:6      | Found a sacrificial altar of Ru.
  4161 | D:6      | Noticed Eustachio
  4562 | D:5      | Found Yjuil's Magic Scroll Boutique.
  4572 | D:5      | Bought a scroll of magic mapping for 35 gold pieces
  4572 | D:5      | Bought a scroll of teleportation for 30 gold pieces
  4572 | D:5      | Bought a scroll of identify for 20 gold pieces
  4572 | D:5      | Bought a scroll of enchant armour for 75 gold pieces
  4572 | D:5      | Bought a scroll of immolation for 35 gold pieces
  4653 | D:5      | Killed Edmund
  4654 | D:5      | Reached XP level 9. HP: 74/74 MP: 8/8
  5235 | D:6      | Found a staircase to the Ecumenical Temple.
  5276 | Temple   | Entered the Ecumenical Temple
  5819 | D:6      | Killed Eustachio
  5998 | D:6      | Found a hide-covered altar of Uskayaw.
  6636 | Temple   | Became a worshipper of Makhleb the Destroyer
  7064 | D:7      | Found Fentuf's Fabulous Fripperies.
  7480 | D:8      | Noticed Harold
  7547 | D:8      | Killed from afar by Harold

Illustrated notes

Levels and vault maps discovered:
D:1:      ncdulo_halloftheorcs, layout_rooms, ashenzari_altar_1
D:2:      layout_rooms, general_overflow_altar,
          chequers_ecumenical_altar_island, minmay_hedge_maze, xom_teletrap_fun
D:3:      minmay_thinvault, layout_loops_ring,
          nicolae_dithmenos_through_a_glass_darkly, minitemple
D:4:      layout_basic
D:5:      layout_basic, serial_shops, shop, minmay_manual_mares, uniq_edmund
D:6:      layout_loops_ring, nicolae_ru_awakened_eye, lemuel_crystal_altar,
          minmay_temple_entry_steel_oval, uniq_eustachio
D:7:      layout_loops_ring, hangedman_decor_diamond_cutter,
          nicolae_alphabet_shops
D:8:      minmay_blocky_corners, layout_loops_cross, david_lair_shrubbed,
          gammafunk_ghost_smash, kennysheep_cross_bottleneck,
          minmay_fountain_box, uniq_harold, uniq_psyche, uniq_erica
Temple:   eino_temple_scatter_basement

Skill      XL: |  1  2  3  4  5  6  7  8 |
---------------+-------------------------+-----
Axes           | 2 3 4 12 | 12.5
Armour         | 3 4 |  4.7
Shields        | 3 4 |  4.7
Fighting       | 4 5 |  5.6

Action                   |  1- 3 |  4- 6 |  7- 9 || total
-------------------------+-------+-------+-------++-------
Melee: War axe           |   125 |   196 |   349 ||   670
Throw: Throwing net      |       |       |     1 ||     1
Evoke: Wand              |       |       |     3 ||     3
  Use: Potion            |       |       |     8 ||     8
       Scroll            |       |       |     7 ||     7
Armor: Chain mail        |    61 |   125 |   213 ||   399
       Scale mail        |     1 |       |       ||     1
       Plate armour      |       |       |    33 ||    33
Dodge: Dodged            |    28 |    52 |    70 ||   150
Block: Kite shield       |    65 |    99 |   167 ||   331

Table legend: (Time is in decaauts)
 A = Elapsed time spent in this place.
 B = Non-inter-level travel time spent in this place.
 C = Inter-level travel time spent in this place.
 D = Time resting spent in this place.
 E = Time spent auto-exploring this place.
 F = Levels seen in this place.
 G = Mean time per level.
                   A        B        C        D        E       F      G
               +--------+--------+--------+--------+--------+-----+--------+
         Total |   7768 |   7497 |    271 |   1143 |   4793 |   9 |  863.1 |
       Dungeon |   7374 |   7139 |    235 |    971 |   4610 |   8 |  921.8 |
        Temple |    394 |    358 |     36 |    172 |    183 |   1 |  394.0 |
               +--------+--------+--------+--------+--------+-----+--------+

Top non-repeatable levels by time:
     D:5: 2094 daAuts
     D:6: 1230 daAuts
     D:3: 1131 daAuts
     D:2: 878 daAuts
     D:7: 827 daAuts
     D:1: 641 daAuts
     D:4: 512 daAuts
  Temple: 394 daAuts
     D:8: 58 daAuts
